 Dungeon Crawl Stone Soup version 0.30-a0-743-gbfdf073 (webtiles) character file.

Game seed: 13468974445230464961

591235 heathens the Axe Maniac (level 26, -20/266 HPs)
             Began as a Minotaur Berserker on Feb 9, 2023.
             Was the Champion of Trog.
             Killed from afar by a red draconian scorcher (27 damage)
             ... with damnation
             ... on level 2 of the Realm of Zot.
             The game lasted 03:15:13 (52753 turns).

heathens the Axe Maniac (Minotaur Berserker)       Turns: 52753, Time: 03:15:14

Health: -20/266    AC: 44    Str: 37    XL:     26   Next: 22%
Magic:  22/22      EV: 18    Int:  4    God:    Trog [******]
Gold:   5270       SH: 19    Dex: 18    Spells: 25/25 levels left

rFire   + + .      SeeInvis +    n - +3 broad axe of Sefusch {heavy, rCorr Dex+2}
rCold   + + .      Faith    .    W - +0 kite shield of Wonwum {Will+ Dex+2 SInv}
rNeg    + . .      Spirit   .    G - +13 plate armour "Pecy Gai" {Str+3 Dex-4 Slay+3 Stlth+}
rPois   +          Reflect  .    (helmet unavailable)
rElec   +          Harm     .    c - scarf {rC+ rF+}
rCorr   +          Rampage  .    S - +2 pair of gloves "Wumiqa" {rPois rF+ Stlth+}
Will    +++++      Clarity  +    o - +3 pair of mountain boots {steadfast, rC+}
Stlth   +++                      F - amulet of the Four Winds {rN+ Will+++ Clar}
HPRegen 2.44/turn                g - ring "Uparudis" {Wiz rElec Dex+3}
MPRegen 0.18/turn                d - ring of Vallun {rPois Str+2 Dex+3 Slay+2}

@: strong-willed, regenerating
A: horns 3, retaliatory headbutt, regeneration 1
}: 3/15 runes: decaying, serpentine, silver
a: Renounce Religion, Berserk, Trog's Hand, Brothers in Arms


You were on level 2 of the Realm of Zot.
You worshipped Trog.
Trog was exalted by your worship.
You visited 11 branches of the dungeon, and saw 48 of its levels.
You visited the Abyss 1 time.
You visited 1 bazaar.
You also visited: Trove, Bailey, Ice Cave and Wizlab.

You collected 8865 gold pieces.
You spent 3595 gold pieces at shops.

Inventory:

Hand Weapons
 n - the +3 broad axe of Sefusch (weapon) {heavy, rCorr Dex+2}
   (You found it on level 2 of the Vaults)

   Dex:       It affects your dexterity (+2).
   rCorr:     It protects you from acid and corrosion.
Missiles
 w - 4 silver javelins
Armour
 c - a scarf of resistance (worn)
 o - the +3 pair of mountain boots (worn) {steadfast, rC+}
   (You found it on level 3 of the Elven Halls)

   Steadfast: It prevents involuntary movement, except for blinking,
   teleportation, or banishment.
   rC:        It protects you from cold.
 G - the +13 plate armour "Pecy Gai" (worn) {Str+3 Dex-4 Slay+3 Stlth+}
   (You found it on level 3 of the Elven Halls)

   Str:       It affects your strength (+3).
   Dex:       It affects your dexterity (-4).
   Slay:      It affects your accuracy & damage with ranged weapons and melee
   (+3).
   Stlth:     It makes you more stealthy.
 M - the +1 cloak of Starlight {*Dazzle EV+4 Stlth--}
   (You found it in a treasure trove)

   *Dazzle:   It may blind those who miss an attack against the wearer in melee
   combat.
   EV:        It affects your evasion (+4).
   Stlth:     It makes you much less stealthy.
 S - the +2 pair of gloves "Wumiqa" (worn) {rPois rF+ Stlth+}
   (You found it on level 4 of the Lair of Beasts)

   rF:        It protects you from fire.
   rPois:     It protects you from poison.
   Stlth:     It makes you more stealthy.
 U - the +2 pair of slick slippers {slick, slippery, EV+5}
   (You bought it in a shop on level 3 of the Depths)

   Slick:     Its wearer cannot be constricted, engulfed, netted or webbed.
   Slippery:  It slips away from damaging melee attacks, pulling the attacker
   onward.
   EV:        It affects your evasion (+5).
 W - the +0 kite shield of Wonwum (worn) {Will+ Dex+2 SInv}
   (You found it on level 2 of the Vaults)

   Dex:       It affects your dexterity (+2).
   SInv:      It lets you see invisible.
   Will:      It increases your willpower.
 X - a +5 kite shield of protection
Jewellery
 a - a ring of protection from cold
 d - the ring of Vallun (right hand) {rPois Str+2 Dex+3 Slay+2}
   (You bought it in a shop on level 11 of the Dungeon)

   [ring of poison resistance]

   Str:       It affects your strength (+2).
   Dex:       It affects your dexterity (+3).
   Slay:      It affects your accuracy & damage with ranged weapons and melee
   (+2).
   rPois:     It protects you from poison.
 f - the amulet of the Catamount {Spirit Rampage Will+}
   (You bought it in a shop in a bazaar)

   [amulet of guardian spirit]

   It causes incoming damage to be divided between your reserves of health and
   magic.
   Rampage:   It bestows one free step when moving towards enemies.
   Will:      It increases your willpower.
 g - the ring "Uparudis" (left hand) {Wiz rElec Dex+3}
   (You took it off a deep elf demonologist on level 3 of the Elven Halls)

   [ring of wizardry]

   It improves your spell success rate.
   Dex:       It affects your dexterity (+3).
   rElec:     It insulates you from electricity.
 i - the amulet of Anarchy {Faith rC+ Regen+ Stlth+}
   (You found it in a treasure trove)

   [amulet of faith]

   It allows you to gain divine favour quickly.
   rC:        It protects you from cold.
   Regen:     It increases your rate of health regeneration.
   Stlth:     It makes you more stealthy.
 j - a ring of protection from cold
 F - the amulet of the Four Winds (around neck) {rN+ Will+++ Clar}
   (You bought it in a shop on level 1 of the Vaults)

   [amulet of nothing]

   rN:        It protects you from negative energy.
   Clar:      It protects you against confusion.
   Will:      It greatly increases your willpower.
 Y - a ring of positive energy
 Z - a ring of protection from fire
Wands
 e - a wand of paralysis (71)
 k - a wand of roots (62)
 p - a wand of digging (15)
 y - a wand of polymorph (19)
 O - a wand of flame (8) (quivered)
 T - a wand of quicksilver (17)
Scrolls
 q - 2 scrolls of poison
 r - 7 scrolls of fear
 v - 3 scrolls of fog
 A - 9 scrolls of blinking
 D - 6 scrolls of magic mapping
 E - 11 scrolls of silence
 K - 6 scrolls of teleportation
 Q - a scroll of summoning
 V - a scroll of enchant armour
Potions
 b - 10 potions of ambrosia
 h - 4 potions of haste
 l - 2 potions of magic
 s - 3 potions of mutation
 t - 26 potions of curing
 u - 7 potions of flight
 z - 6 potions of invisibility
 H - 8 potions of might
 I - a potion of berserk rage
 L - 6 potions of cancellation
 P - 6 potions of resistance
 R - 9 potions of heal wounds
Miscellaneous
 m - a tin of tremorstones (2/2)
 x - a condenser vane
 B - a phial of floods
 C - a lightning rod (4/4)
 J - a box of beasts
 N - a phantom mirror


   Skills:
 O Level 27 Fighting
 O Level 27 Axes
 O Level 27 Armour
 + Level 15.3 Dodging
 - Level 13.0 Stealth
 O Level 27 Shields


You had 25 spell levels left.
You didn't know any spells.
Your spell library was empty.

Dungeon Overview and Level Annotations

Branches:
Dungeon (15/15)            Temple (0/1) D:7            Lair (5/5) D:11
  Swamp (4/4) Lair:3        Snake (4/4) Lair:2        Slime (0/5) Lair:5
    Orc (2/2) D:11            Elf (3/3) Orc:2        Vaults (5/5) D:13
  Crypt (3/3) Vaults:2       Tomb (1/3) Crypt:3      Depths (4/4) D:15
    Zot (2/5) Depths:4     Bailey (visited)           IceCv (visited)
 WizLab (visited)

Altars:
Cheibriados
Dithmenos
Hepliaklqana
Nemelex Xobeh
Qazlal
Ru
Vehumet
Xom
Zin
The Shining One
Jiyva

Shops:
D:5 *   D:11 !:*   Orc:2 [(*(   Elf:2 *   Snake:2 *   Vaults:1 =   Depths:2 :
Depths:3 *   Depths:4 (*

Portals:
Hell: Depths:1 Depths:2 Depths:3 Depths:4
Pandemonium: Depths:1 Depths:2
Ziggurat: Depths:4


Innate Abilities, Weirdness & Mutations

You have a pair of large horns on your head.
You reflexively headbutt those who attack you in melee.
Your natural rate of healing is unusually fast.


Message History

The green draconian monk tail-slaps you but does no damage.
You hit the green draconian monk but do no damage.
The green draconian monk is severely wounded.
You closely miss the red draconian scorcher.
You barely miss the purple draconian.
The black draconian knight blocks your attack.
You completely miss the black draconian knight.
You are engulfed in blazing flames.
You resist.
You feel yourself speed up.
The black draconian knight breathes lightning at you.
The bolt of lightning hits you! You resist.
The bolt of lightning misses the black draconian knight.
You block the black draconian knight's attack.
The black draconian knight points at you and mumbles some strange words.
The shard of ice hits you!!! You partially resist.
* * * LOW HITPOINT WARNING * * *
The black draconian knight misses you.
The red draconian scorcher completely misses you.
You furiously retaliate!
You headbutt the red draconian scorcher!!
The purple draconian breathes dispelling energy at you.
The bolt of dispelling energy hits you!!!
* * * LOW HITPOINT WARNING * * *
You block the green draconian monk's attack.
The green draconian monk kicks you.
* * * LOW HITPOINT WARNING * * *
The green draconian monk tail-slaps you but does no damage.
You block the green draconian monk's attack.
You block the black draconian knight's attack.
The black draconian knight hits you but does no damage.
You hear a roar!
Blink to where?
Press: ? - help, Dir - move target
As you read the scroll of blinking, it crumbles to dust.
The black draconian knight breathes lightning at you.
The bolt of lightning misses you. The bolt of lightning hits you! You resist.
* * * LOW HITPOINT WARNING * * *
The red draconian scorcher casts a spell at you.
The sphere of damnation explodes!
The damnation engulfs you!!
You die...

#....[..'...'†..†}..#
#.......#...#.......#
##.....##..†##.....##
##...###...###...##
##### #...# #####
##...# #...# #..
#.....##...##...
.......#...#....
..$....@..)'....
.......#.z.#...
#.....##qq.# ##..$#
#°qd# ####


#qdd# #DDd# #d..# #...# '...' You could see a shadow dragon, a green draconian
monk, 2 draconians, a storm dragon, a black draconian, 2 draconians, 2
draconians, a death cob and a red draconian scorcher.

Vanquished Creatures
  A dread lich (Crypt:3)
  2 ancient liches (Vaults:5)
  Bai Suzhen (Vaults:4)
  Vashnia (Snake:4)
  Margery (Crypt:2)
  9 golden dragons
  Nikola (Elf:3)
  Jory (Depths:3)
  3 bone dragons
  2 electric golems
  8 tentacled monstrosities
  Zenata (Elf:3)
  7 liches
  Jorgrun (Swamp:1)
  Asterion (Elf:3)
  3 deep elf blademasters
  2 deep elf master archers
  6 death cobs
  A quicksilver dragon (Depths:4)
  A walking frostbound tome (Depths:4)
  7 titans
  12 sphinxes
  8 ancient champions
  3 tengu reavers
  A tentacled starspawn (Abyss:2)
  10 draconian monks
  6 storm dragons
  9 shadow dragons
  2 revenants (Crypt:3)
  7 fire giants
  8 nagarajas
  A daeva (Depths:3)
  2 draconian knights
  4 deep elf sorcerers
  6 frost giants
  A ghost moth (Vaults:2)
  3 fenstrider witches
  23 vault wardens
  2 draconian scorchers (Zot:1)
  3 draconian annihilators
  2 draconian shifters
  An iron dragon (Depths:3)
  A cacodemon (Depths:1)
  5 ghouls (Crypt:2)
  20 ironbound preservers
  A deep elf elementalist (Elf:3)
  5 spectral caustic shrikes (Depths:2)
  2 curse skulls (Crypt:3)
  4 orc warlords
  2 draconian stormcallers (Zot:1)
  5 reapers
  12 stone giants
  6 war gargoyles
  21 very ugly things
  5 caustic shrike skeletons
  10 ironbound thunderhulks
  6 deep elf demonologists
  2 starflowers (Abyss:2)
  2 juggernaut skeletons
  A rockslime zombie (Crypt:1)
  11 black draconians
  9 green draconians
  8 vampire knights
  5 eleionomae
  12 red draconians
  6 bunyips
  12 dire elephants
  8 deep elf annihilators
  A yellow draconian (Zot:1)
  7 spark wasps
  9 purple draconians
  8 white draconians
  A spark wasp (shapeshifter) (Vaults:5)
  The ghost of Amni the Unseen, a journeyman NaVM of Okawaru (Lair:1)
  6 crystal guardians
  6 eidola
  13 ettins
  7 deep elf death magi
  2 merfolk impalers
  An entropy weaver (Vaults:3)
  An entropy weaver (shapeshifter) (Vaults:5)
  3 mummy priests (Tomb:1)
  Fannar (D:11)
  14 yaktaur captains
  8 deep elf high priests
  15 jiangshi
  9 fire dragons
  A quicksilver dragon skeleton (Crypt:3)
  4 salamander tyrants
  A shambling mangrove (Swamp:3)
  9 ice dragons
  7 peacekeepers
  49 vault guards
  2 rakshasas
  4 ghost crabs
  4 great orbs of eyes
  An ogre mage (Vaults:5)
  4 spriggan air magi
  22 centaur warriors
  13 hydras
  2 death knights (Crypt:1)
  6 ironbound frosthearts
  5 spriggan skeletons (Crypt:3)
  5 alligators
  2 anacondas
  28 dancing weapons
  A two-headed ogre (shapeshifter) (Vaults:2)
  14 naga warriors
  Erica (D:8)
  5 two-headed ogres
  6 boulder beetles
  5 tengu warriors
  A deep troll shaman (Vaults:4)
  3 deep troll earth magi
  7 vampire magi
  A hell hog (Depths:3)
  A quicksilver ooze zombie (Crypt:1)
  4 orc high priests (Orc:2)
  12 shock serpents
  2 spriggan berserkers
  15 naga sharpshooters
  10 hell knights
  4 salamander mystics
  14 deep elf knights
  4 soul eaters
  A wretched star (Abyss:2)
  A sun demon (Depths:3)
  17 spriggans
  57 skeletal warriors
  4 titan skeletons (Crypt:3)
  2 iron trolls (Depths:2)
  3 shadow wraiths
  2 sea snakes (Snake:4)
  6 goliath frogs
  Lodul (D:11)
  50 deep trolls
  A sixfirhy (Depths:2)
  A storm dragon skeleton (Depths:2)
  A glowing orange brain (Depths:4)
  A spriggan druid (Swamp:3)
  A death drake (Depths:4)
  7 wizards
  12 bog bodies
  9 swamp dragons
  20 ironbound convokers
  A flayed ghost (Vaults:5)
  A golden dragon skeleton (Depths:2)
  7 naga ritualists
  A shadow dragon zombie (Crypt:3)
  An anaconda skeleton (Crypt:3)
  14 lindwurms
  An orange crystal statue (Elf:2)
  2 spectral hydras (Swamp:4)
  A lindwurm (shapeshifter) (Vaults:5)
  27 deep elf zephyrmancers
  7 deep elf archers
  30 deep elf pyromancers
  24 phantasmal warriors
  8 necromancers
  6 orc sorcerers
  A bunyip skeleton (Crypt:3)
  3 harpies (Vaults:2)
  10 orc knights
  A broodmother zombie (Crypt:2)
  A cyclops (shapeshifter) (Vaults:4)
  6 mana vipers
  A manticore (D:13)
  4 cyclopes
  2 salamanders (shapeshifter) (Vaults:5)
  18 salamanders
  31 ugly things
  4 will-o-the-wisps
  7 moths of wrath
  A shining eye (shapeshifter) (Vaults:5)
  A water nymph (shapeshifter) (Vaults:5)
  2 centaur zombies (D:15)
  19 naga magi
  A shock serpent zombie (Crypt:1)
  A human skeleton (Vaults:2)
  4 molten gargoyles (WizLab)
  2 stone giant skeletons (Crypt:3)
  22 vault sentinels
  12 cane toads
  37 black mambas
  3 rust devils
  Joseph (D:8)
  17 elephants
  6 gargoyles
  5 guardian serpents
  3 swamp worm zombies (Swamp:4)
  A dire elephant skeleton (Crypt:3)
  3 smoke demons
  An elephant slug zombie (Crypt:1)
  An ice statue (IceCv)
  2 rime drakes
  2 unseen horrors
  A kobold demonologist (D:10)
  A minotaur zombie (Crypt:3)
  9 komodo dragons
  A yellow draconian zombie (Crypt:3)
  5 freezing wraiths
  4 anaconda simulacra (IceCv)
  A tormentor (Depths:2)
  39 yaktaurs
  9 guardian mummies (Tomb:1)
  2 minotaur skeletons
  A tengu conjurer (Depths:2)
  2 ice devils
  A sea snake skeleton (Crypt:3)
  A pale draconian skeleton (Crypt:3)
  A queen bee (shapeshifter) (Elf:2)
  3 trolls
  5 hydra zombies (Swamp:4)
  A bloated husk (Swamp:4)
  2 ancient zymes (Abyss:2)
  3 hellwings
  A polar bear (shapeshifter) (Elf:2)
  10 tyrant leeches
  15 hornets
  Grinder (D:3)
  A harpy zombie (Crypt:3)
  6 polar bears
  3 raiju (Abyss:2)
  7 harpy skeletons
  22 blink frogs
  3 alligator zombies (Swamp:4)
  A spectral swamp dragon (Swamp:4)
  4 dream sheep (Lair:5)
  2 centaur simulacra (D:15)
  A guardian serpent skeleton (Crypt:3)
  12 flying skulls
  3 dire elephant simulacra (IceCv)
  2 air elementals (Elf:3)
  2 ettin skeletons
  11 slime creatures
  2 ynoxinuls
  A culicivora (shapeshifter) (D:11)
  3 vampires
  A slime creature zombie (Crypt:2)
  A black mamba zombie (Crypt:3)
  2 shadows
  51 yaks
  8 wraiths
  10 water elementals
  5 basilisks
  Eustachio (D:5)
  8 starcursed masses (Abyss:2)
  9 wyverns
  4 ushabtiu (Tomb:1)
  2 humans (shapeshifter) (D:13)
  3 small abominations (Abyss:2)
  Grum (Bailey)
  5 large abominations (Abyss:2)
  8 fire elementals
  A chaos spawn (Depths:1)
  A neqoxec (Abyss:2)
  A yaktaur simulacrum (Vaults:2)
  10 vampire mosquitoes
  Menkaure (D:7)
  A death yak simulacrum (IceCv)
  A redback (shapeshifter) (Vaults:5)
  A steam dragon (D:8)
  A deep troll zombie (Crypt:2)
  3 wargs
  A naga (shapeshifter) (Vaults:5)
  52 nagas
  20 swamp worms
  3 acid dragons
  12 water moccasins
  A cane toad zombie (Crypt:2)
  A water nymph skeleton (Crypt:1)
  A hydra simulacrum (IceCv)
  3 swamp drakes
  A glowing shapeshifter skeleton (Crypt:2)
  26 orc warriors
  2 naga skeletons
  2 swamp dragon zombies (Swamp:4)
  A sky beast (D:8)
  An ice beast (D:7)
  3 black bears (Lair:5)
  A manticore zombie (Crypt:2)
  12 ogres
  A black mamba simulacrum (Crypt:3)
  8 boggarts
  25 centaurs
  35 wolves
  An elf simulacrum (Vaults:2)
  6 phantoms
  2 kobold brigands (D:9)
  11 gnoll sergeants
  A draconian zombie (Crypt:2)
  13 bullfrogs
  9 earth elementals
  5 necrophages
  6 two-headed ogre simulacra (IceCv)
  A cane toad simulacrum (IceCv)
  A water moccasin zombie (Crypt:3)
  30 wights
  A killer bee (D:10)
  2 elephant simulacra (IceCv)
  3 electric eels (Snake:4)
  6 howler monkeys
  A lava snake (Lair:1)
  4 jellies
  5 hounds
  40 orc priests
  6 gnoll boudas
  Crazy Yiuf (D:3)
  Jessica (D:2)
  Terence (D:2)
  2 iguanas
  3 spectral swamp drakes (Swamp:4)
  2 lightning spires (WizLab)
  4 hell rats (Lair:4)
  29 orc wizards
  A boggart skeleton (D:15)
  4 polar bear simulacra (IceCv)
  A troll simulacrum (IceCv)
  9 spriggan simulacra (IceCv)
  A wolf simulacrum (IceCv)
  An acid dragon skeleton (Crypt:2)
  A hound skeleton (Crypt:1)
  5 mummies (Tomb:1)
  Robin (D:3)
  6 adders
  32 gnolls
  5 naga simulacra (IceCv)
  A steam dragon skeleton (Crypt:1)
  17 white imps
  9 ufetubi
  3 dart slugs
  72 orcs
  5 bats
  3 endoplasms
  2 giant cockroaches (D:1)
  9 goblins
  7 hobgoblins
  3 jackals (D:2)
  8 ball pythons
  6 frilled lizards (D:1)
  20 kobolds
  2 rats (D:3)
  3 starspawn tentacles (Abyss:2)
2302 creatures vanquished.

Vanquished Creatures (collateral kills)
  A salamander mystic (Snake:4)
  A naga (Snake:4)
2 creatures vanquished.

Vanquished Creatures (others)
  A fire giant (Depths:4)
  A deep elf elementalist (Elf:3)
  An alligator (Swamp:1)
  A spectral hydra (Swamp:4)
  A deep elf pyromancer (Elf:2)
  A phantasmal warrior (Vaults:5)
  A naga mage (Snake:2)
  An unseen horror (D:11)
  A swamp worm zombie (Swamp:4)
  4 bloated husks
  A tyrant leech (Swamp:1)
  An alligator zombie (Swamp:4)
  A spectral swamp dragon (Swamp:4)
  An air elemental (Elf:3)
  A swamp drake (Swamp:1)
  A hound (D:5)
  An orc priest (Orc:2)
  An orc (Orc:1)
  24 foxfires
  19 fungi
  27 plants
  A starspawn tentacle (Abyss:2)
92 creatures vanquished.

Grand Total: 2396 creatures vanquished

Notes
Turn   | Place    | Note
-------+----------+-------------------------------------------
     0 | D:1      | heathens the Minotaur Berserker began the quest for the
                  | Orb.
     0 | D:1      | Reached XP level 1. HP: 19/19 MP: 0/0
   307 | D:1      | Reached XP level 2. HP: 26/26 MP: 1/1
   492 | D:2      | Noticed Jessica
   496 | D:2      | Killed Jessica
   497 | D:2      | Reached skill level 5 in Axes
   497 | D:2      | Reached XP level 3. HP: 31/31 MP: 2/2
   575 | D:2      | Reached ** piety under Trog
   668 | D:2      | Found a glowing silver altar of Zin.
   886 | D:2      | Noticed Terence
   892 | D:2      | Killed Terence
   893 | D:2      | Reached XP level 4. HP: 23/39 MP: 3/3
  1486 | D:3      | Noticed Robin
  1493 | D:3      | Killed Robin
  1536 | D:3      | Found a runed translucent door.
  1537 | D:3      | Noticed Crazy Yiuf
  1557 | D:3      | Killed Crazy Yiuf
  1624 | D:3      | Reached XP level 5. HP: 45/45 MP: 4/4
  1728 | D:3      | Noticed Grinder
  1756 | D:3      | Killed Grinder
  1757 | D:3      | Reached XP level 6. HP: 48/51 MP: 5/5
  1824 | D:3      | Found a faded altar of an unknown god.
  2349 | D:4      | Gained mutation: You have a somewhat thin skeletal
                  | structure. (Dex +2, Stealth+) [potion of mutation]
  2349 | D:4      | Gained mutation: You are agile. (Dex +4, Str/Int -1)
                  | [potion of mutation]
  3217 | D:5      | Entered Level 5 of the Dungeon
  3275 | D:5      | Reached XP level 7. HP: 57/57 MP: 6/6
  3301 | D:5      | Reached skill level 10 in Axes
  3399 | D:5      | Noticed Eustachio
  3403 | D:5      | Reached *** piety under Trog
  3424 | D:5      | Killed Eustachio
  3603 | D:5      | Found a hazy altar of Hepliaklqana.
  3605 | D:5      | Found a shimmering altar of Xom.
  3606 | D:5      | Noticed a spectral ugly thing
  3780 | D:5      | Found Tyibifua's General Store.
  3986 | D:6      | Reached XP level 8. HP: 56/64 MP: 7/7
  4787 | D:7      | Found a flagged portal.
  4790 | D:7      | Noticed Menkaure
  4800 | D:7      | Killed Menkaure
  4804 | D:7      | Found a staircase to the Ecumenical Temple.
  4815 | Bailey   | Entered a bailey
  4913 | Bailey   | Reached XP level 9. HP: 61/70 MP: 8/8
  5058 | Bailey   | Noticed Grum
  5060 | Bailey   | Reached **** piety under Trog
  5075 | Bailey   | Killed Grum
  5078 | Bailey   | Reached skill level 15 in Axes
  5681 | D:7      | Lost mutation: You are agile. (Dex +4, Str/Int -1) [potion
                  | of mutation]
  5681 | D:7      | Lost mutation: You have a somewhat thin skeletal structure.
                  | (Dex +2, Stealth+) [potion of mutation]
  5681 | D:7      | Gained mutation: You have hidden genetic defects. [potion
                  | of mutation]
  5681 | D:7      | Gained mutation: You expend magic power (3 MP) to
                  | strengthen your wands. [potion of mutation]
  5681 | D:7      | Gained mutation: You possess an exceptional clarity of
                  | mind. [potion of mutation]
  5709 | D:7      | Noticed a cyclops
  5714 | D:7      | Killed a cyclops
  5818 | D:7      | Gained mutation: You are dopey. (Int -2) [hidden defects]
  6099 | D:8      | Reached XP level 10. HP: 67/77 MP: 9/9
  6190 | D:8      | Noticed Erica
  6203 | D:8      | Killed Erica
  6204 | D:8      | Gained mutation: Your body sometimes deteriorates upon
                  | taking damage. [hidden defects]
  6204 | D:8      | Lost mutation: You have hidden genetic defects. [hidden
                  | defects expressed]
  6410 | D:8      | Noticed Joseph
  6424 | D:8      | Killed Joseph
  7193 | D:9      | Found a sparkling altar of Nemelex Xobeh.
  7303 | D:9      | Noticed a two-headed ogre
  7311 | D:9      | Killed a two-headed ogre
  7312 | D:9      | Reached skill level 5 in Fighting
  7335 | D:9      | Reached skill level 5 in Armour
  7491 | D:9      | Reached ***** piety under Trog
  7779 | D:10     | Entered Level 10 of the Dungeon
  8092 | D:10     | Found a sacrificial altar of Ru.
  8092 | D:10     | Noticed a brown ugly thing
  8104 | D:10     | Killed a brown ugly thing
  8105 | D:10     | Reached XP level 11. HP: 41/92 MP: 10/10
  8432 | D:10     | Found a glowing silver altar of Zin.
  8437 | D:10     | Found a snail-covered altar of Cheibriados.
  8444 | D:10     | Found a stormy altar of Qazlal.
  8449 | D:10     | Found a radiant altar of Vehumet.
  8889 | D:10     | Noticed a two-headed ogre
  8909 | D:10     | Killed a two-headed ogre
  9122 | D:11     | Found Fionis's Distillery.
  9127 | D:11     | Bought 2 potions of mutation for 224 gold pieces
  9132 | D:11     | Identified the +4 ring mail of the Lich-sworn {+Inv}
  9191 | D:11     | Found a staircase to the Lair.
  9214 | D:11     | Received a gift from Trog
  9326 | D:11     | Found Caiklosk's Book Shop.
  9347 | D:11     | Found a flickering gateway to a bazaar.
  9353 | Bazaar   | Entered a bazaar
  9355 | Bazaar   | Found Joeprah's Weapon Boutique.
  9359 | Bazaar   | Found Tito's Weapon Boutique.
  9359 | Bazaar   | Found Efav's Antique Armour Boutique.
  9360 | Bazaar   | Found Mearhe's Jewellery Boutique.
  9383 | Bazaar   | Bought the amulet of the Catamount {Spirit Rampage Will+}
                  | for 511 gold pieces
  9391 | Bazaar   | Bought a pair of polished gloves for 152 gold pieces
  9391 | Bazaar   | Identified the +0 pair of gloves "Hileat" {rN++ Will-
                  | Dex+3} (You bought it in a shop in a bazaar)
  9425 | D:11     | Found Wiluutuk's Assorted Antiques.
  9461 | D:11     | Bought a crude steel ring for 100 gold pieces
  9461 | D:11     | Identified the ring of Vallun {rPois Str+2 Dex+3 Slay+2}
                  | (You bought it in a shop on level 11 of the Dungeon)
  9465 | D:11     | Lost mutation: You possess an exceptional clarity of mind.
                  | [potion of mutation]
  9465 | D:11     | Lost mutation: You are dopey. (Int -2) [potion of mutation]
  9465 | D:11     | Lost mutation: You expend magic power (3 MP) to strengthen
                  | your wands. [potion of mutation]
  9465 | D:11     | Gained mutation: You have sharp fingernails. [potion of
                  | mutation]
  9466 | D:11     | Lost mutation: You have sharp fingernails. [potion of
                  | mutation]
  9466 | D:11     | Lost mutation: Your body sometimes deteriorates upon taking
                  | damage. [potion of mutation]
  9466 | D:11     | Gained mutation: You are partially covered in iridescent
                  | scales. (AC +2) [potion of mutation]
  9547 | D:11     | Reached skill level 10 in Fighting
  9673 | D:11     | Reached skill level 10 in Armour
  9675 | D:11     | Noticed Lodul
  9684 | D:11     | Killed Lodul
  9856 | D:11     | Noticed a skeletal warrior
  9860 | D:11     | Noticed a skeletal warrior
  9861 | D:11     | Killed a skeletal warrior
  9861 | D:11     | Noticed a skeletal warrior
  9862 | D:11     | Noticed a skeletal warrior
  9862 | D:11     | Noticed a skeletal warrior
  9868 | D:11     | Killed a skeletal warrior
  9869 | D:11     | Killed a skeletal warrior
  9870 | D:11     | Reached XP level 12. HP: 59/110 MP: 3/11
 10079 | D:11     | Identified 3 scrolls of acquirement
 10079 | D:11     | Acquired the +1 pair of boots "Okhuczaj" {rElec rN++ Str-2
                  | Dex+2}
 10092 | D:11     | Acquired a manual of Axes
 10095 | D:11     | Acquired the +4 buckler of Vlad {Int+3 SInv}
 10328 | D:11     | Found a staircase to the Orcish Mines.
 10363 | D:11     | Noticed Fannar
 10368 | D:11     | Killed Fannar
 10379 | D:11     | Noticed a two-headed ogre
 10382 | D:11     | Killed a two-headed ogre
 10385 | D:11     | Found a portal to a secret trove of treasure.
 10420 | D:11     | Noticed a centaur warrior
 10420 | D:11     | Noticed a two-headed ogre
 10429 | D:11     | Killed a centaur warrior
 10442 | D:11     | Killed a two-headed ogre
 10461 | D:11     | Identified the +1 ring mail of the Viny God {rElec rCorr
                  | Int-4}
 11081 | Orc:1    | Entered Level 1 of the Orcish Mines
 11423 | Orc:2    | Entered Level 2 of the Orcish Mines
 11444 | Orc:2    | Found a staircase to the Elven Halls.
 11770 | Orc:2    | Noticed an orc high priest
 11771 | Orc:2    | Noticed an orc high priest
 11777 | Orc:2    | Noticed an orc high priest
 11779 | Orc:2    | Killed an orc high priest
 11783 | Orc:2    | Killed an orc high priest
 11792 | Orc:2    | HP: 4/117 [orc high priest/divine providence (13)]
 11829 | Orc:2    | Noticed an orc warlord
 11843 | Orc:2    | Reached XP level 13. HP: 117/124 MP: 6/12
 11847 | Orc:2    | Killed an orc warlord
 11990 | Orc:2    | Received a gift from Trog
 12068 | Orc:2    | Found Xomis's Antique Weapon Emporium.
 12068 | Orc:2    | Found Lug Tir's Assorted Antiques.
 12073 | Orc:2    | Found Otearphuemp's Antique Armour Shoppe.
 12085 | Orc:2    | Found Yxugh's Antique Weapon Shoppe.
 12106 | Orc:2    | Bought an embroidered cloak for 210 gold pieces
 12623 | Elf:1    | Entered Level 1 of the Elven Halls
 12635 | Elf:1    | Reached skill level 15 in Fighting
 12650 | Elf:1    | Reached skill level 15 in Armour
 12684 | Elf:1    | Noticed a deep elf annihilator
 12691 | Elf:1    | Killed a deep elf annihilator
 13126 | Elf:1    | Identified the +2 battleaxe "Lukutotu" {antimagic, rPois
                  | rC+ Stlth+} (Trog gifted it to you on level 1 of the Elven
                  | Halls)
 13126 | Elf:1    | Received a gift from Trog
 13764 | Elf:2    | Reached XP level 14. HP: 126/138 MP: 11/13
 14133 | Elf:2    | Found Etwaegg's Assorted Antiques.
 14612 | Elf:2    | Bought a scroll of fear for 116 gold pieces
 14612 | Elf:2    | Bought a scroll of fear for 116 gold pieces
 14633 | Elf:2    | Found a runed translucent gate.
 14633 | Elf:2    | Found a runed translucent gate.
 14633 | Elf:2    | Found a runed translucent gate.
 15346 | Elf:2    | Noticed a deep elf blademaster
 15362 | Elf:2    | Killed a deep elf blademaster
 15727 | Elf:2    | Reached XP level 15. HP: 100/151 MP: 8/14
 16160 | Elf:3    | Entered Level 3 of the Elven Halls
 16161 | Elf:3    | Paralysed by an air elemental for 1 turns
 16169 | Elf:3    | Noticed a deep elf sorcerer
 16340 | Elf:3    | Noticed a deep elf blademaster
 16343 | Elf:3    | Gained mutation: You are weak. (Str -2) [a neqoxec]
 16345 | Elf:3    | Noticed a deep elf sorcerer
 16349 | Elf:3    | Noticed a deep elf master archer
 16355 | Elf:3    | Noticed a deep elf master archer
 16356 | Elf:3    | Noticed a deep elf blademaster
 16360 | Elf:3    | Killed a deep elf blademaster
 16475 | Elf:3    | Killed a deep elf blademaster
 16477 | Elf:3    | Killed a deep elf master archer
 16694 | Elf:3    | Killed a deep elf master archer
 16706 | Elf:2    | Killed a ghostly deep elf master archer
 16711 | Elf:2    | Killed a deep elf sorcerer
 16789 | Elf:3    | Noticed Zenata
 16904 | Lair:1   | Entered Level 1 of the Lair of Beasts
 16904 | Lair:1   | Found a frozen archway.
 16925 | Lair:1   | Received a gift from Trog
 16949 | IceCv    | Entered an ice cave
 17399 | IceCv    | Received a gift from Trog
 18024 | Lair:1   | Noticed Amni's ghost (journeyman NaVM)
 18063 | Lair:1   | Found a transporter.
 18106 | Lair:1   | Found a transporter.
 18584 | Lair:1   | Killed Amni's ghost
 18952 | Lair:2   | Found a staircase to the Snake Pit.
 19134 | Lair:2   | Lost mutation: You are weak. (Str -2) [potion of mutation]
 19134 | Lair:2   | Lost mutation: You are partially covered in iridescent
                  | scales. (AC +2) [potion of mutation]
 19134 | Lair:2   | Gained mutation: You are vulnerable to heat. (rF-) [potion
                  | of mutation]
 19134 | Lair:2   | Gained mutation: You have a pair of large horns on your
                  | head. [potion of mutation]
 19134 | Lair:2   | Gained mutation: You have sharp toenails. [potion of
                  | mutation]
 19504 | Lair:3   | Reached ****** piety under Trog
 19509 | Lair:3   | Identified the +4 battleaxe of Buovucs {heavy, Will++}
                  | (Trog gifted it to you on level 3 of the Lair of Beasts)
 19509 | Lair:3   | Received a gift from Trog
 19576 | Lair:3   | Reached XP level 16. HP: 150/165 MP: 13/15
 19687 | Lair:3   | Found a staircase to the Swamp.
 20287 | Lair:4   | Lost mutation: You have a pair of large horns on your head.
                  | [potion of mutation]
 20287 | Lair:4   | Lost mutation: You have sharp toenails. [potion of
                  | mutation]
 20287 | Lair:4   | Lost mutation: You are vulnerable to heat. (rF-) [potion of
                  | mutation]
 20287 | Lair:4   | Gained mutation: You are agile. (Dex +4, Str/Int -1)
                  | [potion of mutation]
 20287 | Lair:4   | Gained mutation: You have a pair of large horns on your
                  | head. [potion of mutation]
 20701 | Lair:4   | Received a gift from Trog
 20728 | Lair:4   | Identified the +2 pair of gloves "Wumiqa" {rPois rF+
                  | Stlth+}
 21038 | Lair:5   | Entered Level 5 of the Lair of Beasts
 21288 | Lair:5   | Found a staircase to the Slime Pits.
 21292 | Lair:5   | Found a viscous altar of Jiyva.
 22164 | Snake:1  | Entered Level 1 of the Snake Pit
 22296 | Snake:1  | Received a gift from Trog
 23055 | Snake:2  | Reached skill level 1 in Shields
 23201 | Snake:2  | Identified the +9 halberd of Glory {freeze, Stlth+}
 23274 | Snake:2  | Found Bulyal's General Store.
 23951 | Snake:3  | Received a gift from Trog
 24035 | Snake:3  | Reached XP level 17. HP: 144/176 MP: 12/16
 24291 | Snake:3  | Reached skill level 5 in Dodging
 24531 | Snake:3  | Reached skill level 5 in Shields
 24643 | Snake:4  | Entered Level 4 of the Snake Pit
 24651 | Snake:4  | Noticed Vashnia
 25338 | Snake:4  | Killed Vashnia
 25798 | Snake:4  | Received a gift from Trog
 27027 | Snake:4  | Got a serpentine rune of Zot
 28121 | D:11     | You paid a toll of 4 scrolls of fear to enter a treasure
                  | trove
 28122 | Trove    | Entered a treasure trove
 28142 | Trove    | Found the +1 cloak of Starlight {*Dazzle EV+4 Stlth--}
 28177 | Trove    | Identified the amulet of Anarchy {Faith rC+ Regen+ Stlth+}
 28182 | Trove    | Identified the amulet "Ynablent" {Faith rCorr}
 28228 | Trove    | Reached XP level 18. HP: 184/184 MP: 17/17
 28270 | Trove    | Acquired a manual of Stealth
 29002 | D:13     | Found a gate to the Vaults.
 29009 | D:13     | Reached skill level 1 in Stealth
 29124 | D:13     | Reached XP level 19. HP: 192/192 MP: 18/18
 29234 | D:13     | Reached skill level 10 in Shields
 29433 | D:13     | Found a glowing golden altar of the Shining One.
 29767 | D:14     | Received a gift from Trog
 30295 | D:14     | Found a shadowy altar of Dithmenos.
 30553 | D:15     | Entered Level 15 of the Dungeon
 30652 | D:15     | Found a staircase to the Depths.
 30850 | D:15     | Found a stormy altar of Qazlal.
 30896 | D:15     | Reached skill level 10 in Dodging
 30965 | D:15     | Received a gift from Trog
 31484 | Swamp:1  | Entered Level 1 of the Swamp
 31541 | Swamp:1  | Reached skill level 5 in Stealth
 31548 | Swamp:1  | Found the +8 demon trident "Rift" {distort, reach+}
 31835 | Swamp:1  | Noticed Jorgrun
 31845 | Swamp:1  | Killed Jorgrun
 31845 | Swamp:1  | Received a gift from Trog
 31946 | Swamp:1  | Identified the +1 robe of Koepovom {rCorr}
 33381 | Swamp:3  | Identified the +1 scale mail of Gosha {rPois rN+ Regen+
                  | Dex+5}
 33585 | Swamp:4  | Entered Level 4 of the Swamp
 33619 | Swamp:4  | Received a gift from Trog
 34156 | Swamp:4  | Noticed a bone dragon
 34162 | Swamp:4  | Killed a bone dragon
 34163 | Swamp:4  | Reached XP level 20. HP: 193/200 MP: 19/19
 34173 | Swamp:4  | Got a decaying rune of Zot
 34564 | Elf:3    | Noticed Asterion
 34574 | Elf:3    | Killed Asterion
 34574 | Elf:3    | Received a gift from Trog
 34678 | Elf:3    | Identified the +1 pair of gloves "Bor Tohua" {+Blink}
 34678 | Elf:3    | Noticed Nikola
 34689 | Elf:3    | Killed Nikola
 35019 | Elf:3    | Killed Zenata
 35177 | Elf:3    | Received a gift from Trog
 35195 | Elf:3    | Identified the +2 quarterstaff of Past Mistakes {spect,
                  | Drain rPois Int+5}
 35222 | Elf:3    | Identified the ring "Uparudis" {Wiz rElec Dex+3}
 35223 | Abyss:2  | Cast into level 2 of the Abyss (a deep elf demonologist)
 35251 | Abyss:2  | Found a corrupted altar of Lugonu.
 35265 | Abyss:2  | Found a corrupted altar of Lugonu.
 35393 | Abyss:2  | Found a corrupted altar of Lugonu.
 35408 | Abyss:2  | Found a corrupted altar of Lugonu.
 35524 | Elf:3    | Escaped the Abyss
 35633 | Elf:3    | Identified the +3 long sword "Mujiam" {speed, Int+3}
 35636 | Elf:3    | Found the +3 pair of mountain boots {steadfast, rC+}
 35640 | Elf:3    | Identified the ring of Heloiza {Ice Contam rN++ Will+
                  | Int+4}
 35667 | Elf:3    | Lost mutation: You have a pair of large horns on your head.
                  | [potion of mutation]
 35667 | Elf:3    | Lost mutation: You are agile. (Dex +4, Str/Int -1) [potion
                  | of mutation]
 35667 | Elf:3    | Gained mutation: Your natural rate of healing is unusually
                  | fast. [potion of mutation]
 35667 | Elf:3    | Gained mutation: You have a pair of large horns on your
                  | head. [potion of mutation]
 35694 | Elf:3    | Identified the +13 plate armour "Pecy Gai" {Str+3 Dex-4
                  | Slay+3 Stlth+}
 35997 | Vaults:1 | Entered Level 1 of the Vaults
 36397 | Vaults:1 | Reached skill level 10 in Stealth
 36681 | Vaults:1 | Identified the +4 dagger of the Tundras {heavy, Str+4}
 36776 | Vaults:1 | Found Dossicel's Jewellery Shop.
 36786 | Vaults:1 | Bought the amulet of the Four Winds {rN+ Will+++ Clar} for
                  | 849 gold pieces
 36786 | Vaults:1 | Found the amulet of the Four Winds {rN+ Will+++ Clar}
 37888 | Vaults:2 | Reached XP level 21. HP: 207/207 MP: 20/20
 37960 | Vaults:2 | Received a gift from Trog
 38738 | Vaults:2 | Found a staircase to the Crypt.
 38883 | Vaults:2 | Noticed a golden dragon
 38888 | Vaults:2 | Killed a golden dragon
 38984 | Vaults:2 | Identified the +3 broad axe of Sefusch {heavy, rCorr Dex+2}
 39033 | Vaults:2 | Identified the +0 kite shield of Wonwum {Will+ Dex+2 SInv}
 39211 | Vaults:3 | Received a gift from Trog
 39726 | Vaults:3 | Reached skill level 15 in Shields
 40248 | Vaults:4 | Reached skill level 27 in Axes
 40249 | Vaults:4 | Identified the +4 executioner's axe of the Gloaming {heavy,
                  | rC+} (Trog gifted it to you on level 4 of the Vaults)
 40249 | Vaults:4 | Received a gift from Trog
 40268 | Vaults:4 | Found a magical portal.
 40273 | WizLab   | Entered Maxwell's Workshop
 40295 | WizLab   | Reached XP level 22. HP: 220/220 MP: 21/21
 40444 | WizLab   | Identified the +1 pair of boots "Nineitimp" {*Corrode +Inv
                  | rN++ Regen+}
 40484 | WizLab   | Identified the ring of Tucs {Int+2 Dex+6}
 40815 | Vaults:4 | Noticed Bai Suzhen
 40825 | Vaults:4 | Killed Bai Suzhen
 40914 | Vaults:4 | Received a gift from Trog
 42377 | Vaults:5 | Entered Level 5 of the Vaults
 42377 | Vaults:5 | Noticed an ancient lich
 42384 | Vaults:5 | Noticed a golden dragon
 42389 | Vaults:5 | Killed an ancient lich
 42394 | Vaults:5 | Killed a golden dragon
 42398 | Vaults:5 | Reached skill level 27 in Fighting
 42400 | Vaults:5 | Reached XP level 23. HP: 141/240 MP: 11/22
 42401 | Vaults:5 | Received a gift from Trog
 42584 | Vaults:5 | Identified the amulet "Wioga" {Faith Harm Fly rElec Will++}
 42759 | Vaults:5 | Received a gift from Trog
 43267 | Vaults:5 | Got a silver rune of Zot
 43412 | Vaults:5 | Identified the +1 flail "Yqicuime" {freeze, rC+}
 43485 | Vaults:5 | Identified the +6 plate armour "Eciruga" {Harm}
 43553 | Vaults:5 | Identified the +9 triple sword "Ugaennub" {elec, Fly rPois
                  | Str-5 Stlth+}
 43558 | Vaults:5 | Identified the +3 leather armour of the Wumpus {Int+3}
 43588 | Vaults:5 | Identified the +2 ring mail "Plog" {*Corrode rPois Str+2
                  | Int+3}
 43589 | Vaults:5 | Noticed an ancient lich
 43595 | Vaults:5 | Killed an ancient lich
 44111 | Vaults:5 | Identified the ring "Ehayvvilo" {*Slow rC+ Will+ Str+4
                  | Dex-5}
 44113 | Vaults:5 | Identified the +0 short sword "Dymu" {venom, rC+ Stlth+}
 44367 | Crypt:1  | Entered Level 1 of the Crypt
 44495 | Crypt:1  | Received a gift from Trog
 45050 | Crypt:2  | Noticed Margery
 45061 | Crypt:2  | Killed Margery
 45061 | Crypt:2  | Received a gift from Trog
 45065 | Crypt:2  | Reached XP level 24. HP: 249/249 MP: 22/22
 45593 | Crypt:3  | Entered Level 3 of the Crypt
 45596 | Crypt:3  | Received a gift from Trog
 45846 | Crypt:3  | Identified the +8 lajatang of Sin {vamp, rF++ Int+4 SInv}
 46078 | Crypt:3  | Noticed a dread lich
 46085 | Crypt:3  | Killed a dread lich
 46098 | Crypt:3  | Identified the +1 scale mail "Agotodd" {Harm Rampage rF+
                  | Dex-2}
 46389 | Crypt:3  | Received a gift from Trog
 46409 | Crypt:3  | Paralysed by a vampire knight for 2 turns
 46620 | Crypt:3  | Found a staircase to the Tomb.
 47021 | Tomb:1   | Entered Level 1 of the Tomb of the Ancients
 47596 | Tomb:1   | Noticed a royal mummy
 47601 | Tomb:1   | Noticed a royal mummy
 48070 | Depths:1 | Entered Level 1 of the Depths
 48074 | Depths:1 | Received a gift from Trog
 48275 | Depths:1 | Found a one-way gate leading to the halls of Pandemonium.
 48302 | Depths:1 | Identified the +2 shortbow "Vuoriw" {flame, rC+++ rN+++
                  | Str-3}
 48311 | Depths:1 | Found a gateway to Hell.
 48311 | Depths:1 | Found a hazy altar of Hepliaklqana.
 48604 | Depths:2 | Reached XP level 25. HP: 228/257 MP: 22/22
 48693 | Depths:2 | Received a gift from Trog
 48854 | Depths:2 | Found Saci Wau's Tremendous Tomes.
 49208 | Depths:3 | Identified the +4 short sword of Coesuocw {heavy, Dex+2}
 49217 | Depths:3 | Noticed Jory
 49226 | Depths:3 | Killed Jory
 49242 | Depths:3 | Found Juato's Assorted Antiques.
 49252 | Depths:3 | Bought the +2 pair of slick slippers {slick, slippery,
                  | EV+5} for 1317 gold pieces
 49252 | Depths:3 | Found the +2 pair of slick slippers {slick, slippery, EV+5}
 49659 | Depths:3 | Found a glowing golden altar of the Shining One.
 49691 | Depths:3 | Identified the +1 quarterstaff of Veluxzirche {flame, Str+3
                  | Dex+3}
 50103 | Depths:4 | Entered Level 4 of the Depths
 50160 | Depths:4 | Received a gift from Trog
 50334 | Depths:4 | Identified the +4 glaive of the Pit {vamp, rElec rC++ Will+
                  | Str-4}
 50337 | Depths:4 | Found a gate to the Realm of Zot.
 50420 | Depths:4 | Identified the +8 ice dragon scales "Igery" {rPois rF- rC++
                  | rN+ MP+9 Int-3}
 50421 | Depths:4 | Identified the +1 pair of gloves "Wytok" {*Slow Int-5 Dex+9
                  | Stlth+}
 50924 | Depths:4 | Found a one-way gateway to a ziggurat.
 50943 | Depths:4 | Found Raogor's General Store.
 50943 | Depths:4 | Found Machusil's Weapon Shoppe.
 51347 | Zot:1    | Entered Level 1 of the Realm of Zot
 51385 | Zot:1    | Received a gift from Trog
 51590 | Zot:1    | Reached XP level 26. HP: 223/266 MP: 19/22
 52281 | Zot:1    | Reached skill level 27 in Shields
 52461 | Zot:2    | Reached skill level 27 in Armour
 52705 | Zot:2    | Reached skill level 15 in Dodging
 52753 | Zot:2    | HP: 7/266 [black draconian knight/bolt of lightning[a black
                  | draconian knight] (12)]
 52753 | Zot:2    | Killed from afar by a red draconian scorcher

Illustrated notes

Levels and vault maps discovered:
D:1:      minmay_arrival_checkered_box, layout_rooms, minmay_lizard_pond
D:2:      layout_basic, basic_altar, uniq_terence, uniq_jessica
D:3:      layout_basic, basic_ecumenical_altar, minmay_misc_feat_x, uniq_robin,
          uniq_grinder, uniq_crazy_yiuf_cottage
D:4:      layout_layer_cave, kennysheep_cross_room
D:5:      layout_basic, regret_index_temple_of_mockery, serial_shops,
          nicolae_shop_waterfront, uniq_eustachio
D:6:      cheibrodos_iron_armory, layout_basic, grunt_ministairs_11
D:7:      layout_rooms, minmay_temple_entry_waves, enter_bailey_2,
          minmay_small_thing, uniq_menkaure
D:8:      layout_basic, kennysheep_generic_room_9, uniq_joseph, uniq_erica
D:9:      layout_basic, nemelex_diamond_rough_becter
D:10:     minmay_polygon_palace, layout_basic, nicolae_ru_awakened_eye,
          grunt_temple_overflow_cloverleaf
D:11:     minmay_chambers_of_sixes, layout_long_grid, david_lair_generic,
          hiddenorc1_lemuel, serial_shops, bzr_entry_safe, shop,
          nicolae_shop_waterfront, shop, enter_trove_3, uniq_lodul, uniq_fannar
D:12:     layout_irregular_city, corexii_checkpoint_a
D:13:     layout_basic, david_vaults_2, grunt_ministairs_11, tso_altar
D:14:     layout_rooms, nicolae_dithmenos_through_a_glass_darkly,
          serial_co_window_serial, co_window_of_opportunity_a,
          co_window_of_opportunity_a, co_window_paths_a,
          co_window_of_opportunity_a, co_window_of_opportunity_a,
          co_window_broadway_a, co_window_2corner, co_window_corner_cb,
          co_window_corner_cb, co_window_broadway_a, co_window_corner_ca,
          co_window_paths_e, glass_columns_a, glass_columns_a, glass_columns_c
D:15:     grunt_enter_depths_magical_seal, layout_irregular_city,
          nicolae_qazlal_eye_of_the_storm
Lair:1:   layout_gridlike, portal_ice_cave_entry_imps, nzn_ghost_randoct,
          nicolae_lair_lil_pond, chequers_serial_rivers_large_b
Lair:2:   layout_regular_city, minmay_snake_entry_guardpost_medium
Lair:3:   layout_chaotic_city, swamp_mist
Lair:4:   layout_cave_pods, grunt_megastairs_1
Lair:5:   minmay_lair_end_enchanted_forest, layout_small_grid,
          minmay_slime_entry_pillars, pdpol_lair_neglected_garden, st_stairs_9
Swamp:1:  layout_basic_swamp, evilmike_swamp_ruin_wall, swamp_pool3,
          worms_lemuel, uniq_jorgrun
Swamp:2:  layout_basic_swamp, evilmike_swamp_ruin_house_6, swamp_pool4,
          hangedman_swamp_pad
Swamp:3:  layout_basic_swamp, nicolae_swamp_orc_logging_accident
Swamp:4:  swamp_pestilence, layout_basic_swamp, infiniplex_staircase_pool
Snake:1:  layout_onion, guppyfry_library_mini
Snake:2:  layout_basic, serial_shops, nicolae_shop_crystal, st_stairs_6
Snake:3:  layout_honeycomb, nicolae_snake_round_shape_thing
Snake:4:  snake_pit, layout_onion, st_stairs_4, grunt_ministairs_14,
          nicolae_snake_bzzzt, uniq_vashnia
Orc:1:    layout_caves
Orc:2:    st_orc_mages, layout_caves
Elf:1:    minmay_elf_arrival_plus, layout_loops_cross, minmay_misc_feat_rows,
          due_unseen_surprise
Elf:2:    elven_hall_of_blades_hangedman_original [nicolae_blade_bullseye],
          layout_geoelf_octagon, portal_desolation_entry_nicolae_slug,
          serial_shops, shop, grunt_ministairs_11, serial_sigils_hangedman_gnaw,
          st_stairs_3, minivault_27, minivault_16, feat_on_display
Elf:3:    elf_hall, layout_loops_cross, uniq_nikola, uniq_asterion, uniq_zenata
Vaults:1: vaults_room_door_hall, nicolae_vaults_network_star,
          grunt_vaults_hallway_short, vaults_standard_mumra_x,
          nicolae_vaults_little_squares_5, v_alt_pattern_6,
          ontoclasm_vaults_twist, vaults_room_semicircle,
          nicolae_vaults_rhombus_6, nicolae_vaults_little_squares_2,
          vaults_dpeg_ring, vaults_room_corners, layout_vaults_omnigrid,
          serial_shops, nicolae_shop_waterfront
Vaults:2: vaults_room_large_hall, v_rooms_5, st_greater_box_2,
          hangedman_vaults_slice, vaults_room_boxed, grunt_vaults_trifunnel,
          nicolae_vaults_specimen_jars, v_pattern_4, grunt_vaults_swirl,
          minmay_crypt_entry_simple_corners, v_misc_23, v_misc_14,
          layout_vaults_maze
Vaults:3: nicolae_vaults_little_ls, v_misc_32, vaults_dpeg_emergency_exit,
          v_pattern_2, vaults_room_fours, vaults_room_grid,
          nicolae_vaults_triangles, nicolae_vaults_little_squares_5,
          grunt_vaults_hallway_short, v_misc_26, ontoclasm_vaults_gallery,
          hangedman_vaults_maws, v_misc_16, nicolae_vaults_rhombus_7,
          vaults_room_hallway, layout_vaults_omnicross
Vaults:4: mu_enter_wizlab_1, st_octagons_1, vaults_dpeg_cross,
          nicolae_vaults_bisected_inception, vaults_room_corners,
          ontoclasm_vaults_shuriken, nicolae_vaults_network_s, v_alt_pattern_1,
          vaults_room_semicircle, v_alt_pattern_1, v_misc_3,
          nicolae_vaults_theta, nicolae_vaults_little_squares_5,
          nicolae_vaults_circle_grid_b, nicolae_vaults_mini_display_case,
          hangedman_vaults_trim, layout_vaults_chaotic_city, uniq_bai_suzhen
Vaults:5: serial_shops
Crypt:1:  layout_rooms, grunt_megastairs_5
Crypt:2:  layout_rooms, st_stairs_5, uniq_margery, uniq_grunn
Crypt:3:  due_elkab, layout_chaotic_city
Tomb:1
Depths:1: layout_cave_shapes, rand_demon_pan_entry_3, serial_bayou_shore_a,
          hangedman_coc_ice_floe, fountainhead, nicolae_hepliaklqana_hazy_memory
Depths:2: grated_community_mu [grated_community_mu_vampire_home,
          grated_community_mu_giant_home, grated_community_mu_spellcaster_home,
          grated_community_mu_orcish_home, grated_community_mu_troll_home,
          grated_community_mu_taur_home, grated_community_mu_unbuilt_plot],
          layout_twisted_cross, pf_hell_entry_tar_river, minmay_misc_feat_iff,
          grunt_pan_entry_spiral, nicolae_shop_i_like_big_books,
          evilmike_butchery, infiniplex_staircase_river
Depths:3: abrahamwl_protected_by_tso_2, layout_gridlike, serial_shops, shop,
          hellmouth_1, marbit_kobold_abyss_entry, kennysheep_big_empty_room,
          roderic_lattice_a, minmay_misc_feat_four_crosses, uniq_jory
Depths:4: lemuel_castle_with_subvaults [lemuel_castle_interior_carwin_1],
          layout_honeycomb, enter_ziggurat_a, abandoned_shop, hell_entry,
          hex_large, minmay_misc_feat_secret_circle, minmay_shoptagon
Zot:1:    layout_cathedral_of_symmetry
Zot:2:    kennysheep_six_static_rooms, layout_concentric_octagons

Skill      XL: |  1  2  3  4  5  6  7  8  9 10 11 12 13 14 15 16 17 18 19 20 21 22 23 24 25 26 |
---------------+-------------------------------------------------------------------------------+-----
Axes           | 4 5 6 8 9 11 14 17 18 21 22 24 25 27 | 27.0
Fighting       | 7 11 14 16 18 20 22 23 27 | 27.0
Armour         | 6 11 13 16 18 20 22 23 25 26 27 | 27.0
Shields        | 4 9 12 13 15 19 23 26 27 | 27.0
Dodging        | 4 9 11 13 14 15 | 15.3
Stealth        | 2 7 11 13 | 13.0

Action                     |  1- 3 |  4- 6 |  7- 9 | 10-12 | 13-15 | 16-18 | 19-21 | 22-24 | 25-27 || total
---------------------------+-------+-------+-------+-------+-------+-------+-------+-------+-------++-------
  Melee: Hand axe          |    40 |    21 |       |       |       |       |       |       |       ||    61
         Headbutt          |     3 |    11 |    37 |    67 |   122 |   146 |   253 |   303 |   162 ||  1104
         Broad axe         |       |    65 |   185 |   394 |   521 |   640 |  1036 |   998 |   517 ||  4356
         Battleaxe         |       |       |       |       |    86 |       |       |       |       ||    86
  Throw: Throwing net      |       |       |     2 |     7 |       |       |       |       |       ||     9
 Invoke: Trog's Hand       |       |     2 |     4 |     8 |    14 |    13 |    15 |     7 |     2 ||    65
         Berserk           |       |     2 |     1 |     4 |     2 |       |       |       |       ||     9
  Evoke: Wand              |       |       |       |       |    13 |       |    21 |    46 |       ||    80
    Use: Scroll            |       |    17 |     5 |    15 |     8 |     9 |     7 |     9 |     2 ||    72
         Potion            |       |     1 |     1 |     5 |     4 |     3 |     1 |     2 |     1 ||    18
   Stab: Invisible         |       |       |       |       |       |     1 |    24 |    15 |       ||    40
         Sleeping          |       |       |       |       |       |       |       |     1 |     5 ||     6
         Distracted        |       |       |       |       |       |       |       |       |     2 ||     2
 Armour: Animal skin       |    13 |     1 |       |       |       |       |       |       |       ||    14
         Ring mail         |       |     2 |       |       |       |       |       |       |       ||     2
         Chain mail        |       |    24 |    53 |       |       |       |       |       |       ||    77
         Plate armour      |       |       |     9 |   129 |   471 |   346 |   492 |   558 |   310 ||  2315
         Skin              |       |       |       |       |       |     3 |       |       |       ||     3
  Dodge: Dodged            |    41 |    91 |   236 |   200 |   260 |   394 |   820 |   667 |   305 ||  3014
  Block: Kite shield       |       |       |   106 |    64 |       |   317 |   911 |   810 |   451 ||  2659
         Buckler           |       |       |       |    19 |   178 |    94 |       |       |       ||   291

Table legend: (Time is in decaauts)
 A = Elapsed time spent in this place.
 B = Non-inter-level travel time spent in this place.
 C = Inter-level travel time spent in this place.
 D = Time resting spent in this place.
 E = Time spent auto-exploring this place.
 F = Levels seen in this place.
 G = Mean time per level.
                   A        B        C        D        E       F      G
               +--------+--------+--------+--------+--------+-----+--------+
         Total |  54010 |  49087 |   4923 |   6231 |  30531 |  54 | 1000.2 |
       Dungeon |  14691 |  12309 |   2382 |    584 |   9561 |  15 |  979.4 |
          Lair |   5026 |   4430 |    596 |     29 |   3600 |   5 | 1005.2 |
         Swamp |   3149 |   2818 |    331 |    133 |   1916 |   4 |  787.2 |
     Snake Pit |   5091 |   4882 |    209 |   1413 |   2593 |   4 | 1272.8 |
  Orcish Mines |   1811 |   1624 |    187 |    256 |    992 |   2 |  905.5 |
   Elven Halls |   5296 |   5045 |    251 |   1975 |   1901 |   3 | 1765.3 |
        Vaults |   8055 |   7530 |    525 |    977 |   4286 |   5 | 1611.0 |
         Crypt |   2755 |   2570 |    185 |    189 |   1492 |   3 |  918.3 |
          Tomb |    823 |    779 |     44 |    267 |     43 |   1 |  823.0 |
        Depths |   3324 |   3149 |    175 |      0 |   2006 |   4 |  831.0 |
           Zot |   1415 |   1380 |     35 |     85 |   1025 |   2 |  707.5 |
         Abyss |    305 |    305 |      0 |      0 |    112 |   1 |  305.0 |
        Bazaar |     60 |     60 |      0 |      0 |     11 |   1 |   60.0 |
         Trove |    153 |    153 |      0 |      0 |     32 |   1 |  153.0 |
        Bailey |    712 |    712 |      0 |    297 |    194 |   1 |  712.0 |
      Ice Cave |    807 |    807 |      0 |      0 |    518 |   1 |  807.0 |
        Wizlab |    531 |    531 |      0 |     24 |    244 |   1 |  531.0 |
               +--------+--------+--------+--------+--------+-----+--------+

Top non-repeatable levels by time:
   Elf:2: 2777 daAuts
    D:11: 2150 daAuts
Vaults:4: 1982 daAuts
 Snake:3: 1929 daAuts
Vaults:2: 1707 daAuts
Vaults:5: 1587 daAuts
Vaults:1: 1564 daAuts
    D:10: 1523 daAuts
 Snake:4: 1477 daAuts
 Crypt:3: 1471 daAuts
   Orc:2: 1432 daAuts
   Elf:1: 1420 daAuts
Depths:4: 1230 daAuts
Vaults:3: 1213 daAuts
   Zot:1: 1195 daAuts
